 Dungeon Crawl Stone Soup version 0.18.1-5-g4a78601 (webtiles) character file.

107 MDvedh the Cutter (level 5, -3/32 HPs)
             Began as a Kobold Monk on May 9, 2016.
             Killed from afar by Natasha (6 damage)
             ... with a magic dart
             ... on level 2 of the Dungeon.
             The game lasted 00:02:27 (1636 turns).

MDvedh the Cutter (Kobold Monk)                     Turns: 1636, Time: 00:02:28

Health: -3/32      AC:  2    Str:  9    XL:     5   Next: 11%
Magic:  5/5        EV: 17    Int:  8    God:
Gold:   105        SH:  0    Dex: 20    Spells: 0 memorised, 4 levels left

rFire  . . .     SeeInvis .     c - +0 short sword
rCold  . . .     Gourm    .     a - +0 robe
rNeg   . . .     Faith    .     (shield restricted)
rPois  .         Spirit   .     (no helmet)
rElec  .         Dismiss  .     (no cloak)
rCorr  .         Reflect  .     (no gloves)
SustAt .         Harm     .     (no boots)
MR     .....                    (no amulet)
Stlth  +++.......               (no ring)
                                (no ring)

@: not resistant to hostile enchantments, fairly stealthy
A: carnivore 3
a: no special abilities


You were on level 2 of the Dungeon.
You were very full.

You visited 1 branch of the dungeon, and saw 2 of its levels.

You collected 105 gold pieces.

Inventory:

Hand Weapons
 c - a +0 short sword (weapon)
 g - a +0 dagger of holy wrath
Armour
 a - a +0 robe (worn)
Jewellery
 d - a cursed ring of loudness {unknown}
Scrolls
 e - a scroll of fog {unknown}
 i - a scroll of amnesia {unknown}
 k - a scroll of identify {unknown}
 l - a scroll of recharging {unknown}
Potions
 j - 2 potions of curing {unknown}
Comestibles
 b - a meat ration
 f - a slice of pizza
 h - a beef jerky


   Skills:
 - Level 3.2 Fighting
 + Level 5.5 Short Blades
 - Level 3.6 Dodging
 - Level 2.9 Stealth
 - Level 4.0 Unarmed Combat


You had 4 spell levels left.
You didn't know any spells.

Dungeon Overview and Level Annotations

Branches:
Dungeon (2/15)

Altars:
Sif Muna

Annotations:
D:2 Natasha


Innate Abilities, Weirdness & Mutations

You are small and have problems with some larger weapons.
You are carnivorous and can eat meat at any time.


Message History

You hit Natasha.
Natasha is almost dead.
The shadow imp hits you.
* * * LOW HITPOINT WARNING * * *
Natasha claws you.
* * * LOW HITPOINT WARNING * * *
Unknown command.
You barely miss Natasha.
Natasha is almost dead.
The shadow imp barely misses you.
Unknown command.
You hit Natasha but do no damage. Your punch misses Natasha.
Natasha is almost dead.
Natasha misses you. The shadow imp closely misses you.
Unknown command.
You barely miss Natasha.
Natasha is almost dead.
Natasha casts a spell at you. The magic dart hits you!
You die...

........... #....... #
#....... .. #...<#.####.
... ###########.####.
.... #..............+.
.....###'####...#######.
................# #.
###...@........# #.
#..h5.....#### #.
#....>......K ..#
#.........### ##.#
#.........# #.#
#.........# #.#
#.........# #.#
########### ##..
#######...


You could see Natasha and a shadow imp.

Vanquished Creatures
  Terence (D:2)
  Natasha (D:2)
  2 adders (D:2)
  5 bats (D:1)
  9 goblins
  5 hobgoblins
  4 jackals (D:1)
  A giant newt (D:1)
  6 kobolds
  3 rats
37 creatures vanquished.

Notes
Turn   | Place    | Note
--------------------------------------------------------------
     0 | D:1      | MDvedh the Kobold Monk began the quest for the Orb.
     0 | D:1      | Reached XP level 1. HP: 14/14 MP: 1/1
    89 | D:1      | Reached skill level 1 in Short Blades
   170 | D:1      | Reached XP level 2. HP: 17/19 MP: 2/2
   193 | D:1      | Reached skill level 2 in Short Blades
   350 | D:1      | Reached skill level 3 in Short Blades
   350 | D:1      | Reached XP level 3. HP: 6/23 MP: 3/3
   968 | D:2      | Reached skill level 4 in Short Blades
  1028 | D:2      | Reached XP level 4. HP: 16/28 MP: 4/4
  1278 | D:2      | Noticed Natasha
  1286 | D:2      | Killed Natasha
  1286 | D:2      | Reached skill level 5 in Short Blades
  1330 | D:2      | Found a deep blue altar of Sif Muna.
  1457 | D:2      | Noticed Terence
  1463 | D:2      | Killed Terence
  1463 | D:2      | Reached XP level 5. HP: 32/32 MP: 5/5
  1618 | D:2      | Noticed Natasha
  1636 | D:2      | Killed from afar by Natasha

Skill      XL: |  1  2  3  4 |
---------------+-------------+-----
Short Blades   | 1 3 4 5 |  5.5
Fighting       | |  3.2
Dodging        | |  3.6
Stealth        | |  2.9
Unarmed Combat | |  4.0

Action                   |  1- 3 |  4- 6 || total
-------------------------+-------+-------++-------
Melee: Short sword       |    94 |    32 ||   126
       Unarmed           |     2 |       ||     2
       Punch             |     3 |       ||     3
Throw: Stone             |     9 |       ||     9
 Stab: Sleeping          |     8 |     3 ||    11
  Eat: Chunk             |     9 |     1 ||    10
Armor: Robe              |     6 |       ||     6
Dodge: Dodged            |    77 |    18 ||    95
